 Dungeon Crawl Stone Soup version 0.30-a0-948-g4fa250aae5 (webtiles) character file.

Game seed: 11375982307567224515

4219 DeathPants the Cleaver (level 10, -4/55 HPs)
             Began as a Vine Stalker Monk on Mar 26, 2023.
             Slain by a hornet (7 damage)
             ... while paralysed by a hornet
             ... on level 9 of the Dungeon.
             The game lasted 00:17:11 (5907 turns).

DeathPants the Cleaver (Vine Stalker Monk)          Turns: 5907, Time: 00:17:11

Health: -4/55      AC: 10    Str: 18    XL:     10   Next: 30%
Magic:  0/21       EV:  2    Int: 16    God:
Gold:   515        SH:  0    Dex: 17    Spells: 12/23 levels left

rFire   . . .      SeeInvis .    u - +10 broad axe of Soqiuv {flame, *Corrode rC+ Int+6}
rCold   + . .      Faith    .    (no shield)
rNeg    . . .      Spirit   +    d - +0 scale mail
rPois   +          Reflect  .    o - +0 helmet
rElec   .          Rampage  .    D - +0 cloak
rCorr   .                        b - +0 pair of gloves
Will    +....                    e - +0 pair of boots
Stlth   +                        (no amulet)
HPRegen 1.09/turn                A - ring of flight
MPRegen 0.17/turn                r - ring of poison resistance

@: paralysed, lethally poisoned (-4 -> -7), flying
A: fangs 3, regeneration 1, magic shield, antimagic bite, no potion heal 2
a: no special abilities


You were on level 9 of the Dungeon.
You visited 2 branches of the dungeon, and saw 10 of its levels.

You collected 515 gold pieces.

Inventory:

Hand Weapons
 a - a +4 dagger of venom
 p - a +0 broad axe
 u - the +10 broad axe of Soqiuv (weapon) {flame, *Corrode rC+ Int+6}
   (You found it on level 2 of the Dungeon)

   Int:       It affects your intelligence (+6).
   rC:        It protects you from cold.
   *Corrode:  It may corrode you when you take damage.
Missiles
 f - 12 poisoned darts (quivered)
 i - 6 boomerangs of dispersal
 j - 3 boomerangs
 y - a curare-tipped dart
Armour
 b - a +0 pair of gloves (worn)
 d - a +0 scale mail (worn)
 e - a +0 pair of boots (worn)
 o - a +0 helmet (worn)
 D - a +0 cloak (worn)
Jewellery
 r - a ring of poison resistance (right hand)
 A - a ring of flight (left hand)
Wands
 k - a wand of flame (22)
 w - a wand of polymorph (23)
 C - a wand of roots (4)
Scrolls
 h - 2 scrolls of vulnerability
 n - a scroll of enchant weapon
 s - a scroll of amnesia
 x - 3 scrolls of teleportation
Potions
 c - a potion of ambrosia
 g - a potion of attraction
 l - a potion of magic
 m - 9 potions of curing
 q - 2 potions of resistance
 t - 4 potions of brilliance
 v - 4 potions of might
 z - a potion of lignification {unknown}
 B - a potion of flight {unknown}
 E - a potion of mutation {unknown}


   Skills:
 + Level 7.3 Fighting
 - Level 2.6 Short Blades
 * Level 9.2 Axes
 - Level 2.8 Dodging
 - Level 3.3 Stealth
 - Level 7.0 Spellcasting
 + Level 0.7 Necromancy
 + Level 0.8 Earth Magic


You had 12 spell levels left.
You knew the following spells:

 Your Spells              Type           Power      Damage    Failure   Level
a - Borgnjor's Vile Clut  Necr/Erth      4%         N/A       100%        5
b - Death Channel         Necr           3%         N/A       100%        6

Your spell library contained the following spells:

 Spells                   Type           Power      Damage    Failure   Level
 Passwall                 Tmut/Erth      5%         N/A       47%         2
 Ensorcelled Hibernation  Hex/Ice        10%        N/A       54%         2
 Swiftness                Air            5%         N/A       77%         3
 Animate Dead             Necr           7%         N/A       97%         4


Dungeon Overview and Level Annotations

Branches:
Dungeon (9/15)             Temple (1/1) D:6
   Lair: D:8-11         Orc: D:9-12

Altars:
Dithmenos
Elyvilon
Fedhas
Kikubaaqudgha
Makhleb
Nemelex Xobeh
Okawaru
Qazlal
Ru
Sif Muna
Vehumet
Wu Jian
Xom
Yredelemnul
Zin
The Shining One

Annotations:
Temple 4 transporters


Innate Abilities, Weirdness & Mutations

You have razor-sharp teeth.
Your natural rate of healing is unusually fast.
When hurt, damage is shared between your health and your magic reserves.
Your bite disrupts and absorbs the magic of your enemies.
Potions cannot restore your health.


Message History

The hornet stings you but does no damage.
The vampire mosquito barely misses you.
The vampire mosquito bites you but does no damage.
The hornet stings you but does no damage.
The vampire mosquito bites you but does no damage. x2
You completely miss the hornet. You bite the hornet. You drain its power.
You feel invigorated.
The hornet is severely wounded.
You barely miss the vampire mosquito. You closely miss the vampire mosquito.
The vampire mosquito bites you.
The vampire mosquito draws strength from your injuries!
The vampire mosquito bites you.
The vampire mosquito draws strength from your injuries!
The hornet stings you but does no damage.
The vampire mosquito bites you!
The vampire mosquito draws strength from your injuries!
The vampire mosquito bites you but does no damage.
The hornet stings you but does no damage.
You slash the hornet! You burn the hornet.
The hornet is almost dead.
You slash the vampire mosquito! You burn the vampire mosquito.
You destroy the vampire mosquito!
You slash the vampire mosquito! You burn the vampire mosquito.
You destroy the vampire mosquito!
The hornet stings you!
* * * LOW HITPOINT WARNING * * *
Your life force feels restored.
You completely miss the hornet.
The hornet is almost dead.
The hornet stings you.
* * * LOW HITPOINT WARNING * * *
You suddenly lose the ability to move!
The hornet stings you.
* * * LOW HITPOINT WARNING * * *
You are lethally poisoned!
You feel yourself slow down.
You feel yourself speed up.
* * * LOW HITPOINT WARNING * * *
You feel very sick. The hornet stings you!
You die...

..........#
#.....>....#
#..........#
#..........
#........#
##........##
#..........##
.#..$....@...####
.......<.†y.....#
##..........###.#
#..............
.....$.......#.#
####......##.....
.......## .####
#..>....# .#
#.......#


You could see a hornet.

Vanquished Creatures
  A hornet (D:6)
  6 yaks (D:7)
  2 vampire mosquitoes (D:9)
  3 water moccasins
  An ice beast (D:6)
  A sky beast (D:7)
  2 orc warriors
  A black bear (D:4)
  5 centaurs
  3 ogres (D:6)
  2 phantoms
  A kobold brigand (D:7)
  Blork the orc (D:6)
  A bullfrog (D:7)
  2 scorpions
  3 wights (D:8)
  A howler monkey (D:6)
  A hound (D:5)
  A gnoll bouda (D:5)
  6 orc priests
  3 jellies
  An iguana (D:6)
  6 orc wizards
  7 gnolls
  15 adders
  3 ufetubi
  2 worms
  25 orcs
  2 ball pythons
  4 bats
  6 endoplasms
  A giant cockroach (D:4)
  12 goblins
  7 hobgoblins
  3 jackals (D:1)
  3 quokkas
  5 frilled lizards
  11 kobolds
  18 rats
178 creatures vanquished.

Notes
Turn   | Place    | Note
-------+----------+-------------------------------------------
     0 | D:1      | DeathPants the Vine Stalker Monk began the quest for the
                  | Orb.
     0 | D:1      | Reached XP level 1. HP: 11/11 MP: 2/2
    93 | D:1      | Reached XP level 2. HP: 16/16 MP: 3/3
   340 | D:1      | Reached skill level 1 in Spellcasting
   533 | D:1      | Reached XP level 3. HP: 20/20 MP: 5/5
   576 | D:1      | Found a faded altar of an unknown god.
  1109 | D:3      | Found a stormy altar of Qazlal.
  1168 | D:2      | Identified the +10 broad axe of Soqiuv {flame, *Corrode rC+
                  | Int+6}
  1222 | D:2      | Gained mutation: Your natural rate of healing is unusually
                  | fast. [Vine Stalker growth]
  1222 | D:2      | Reached XP level 4. HP: 24/24 MP: 7/7
  1256 | D:2      | Reached skill level 1 in Axes
  1901 | D:3      | Reached XP level 5. HP: 25/28 MP: 5/8
  2083 | D:5      | Entered Level 5 of the Dungeon
  2405 | D:4      | Reached skill level 2 in Axes
  2412 | D:4      | Reached XP level 6. HP: 31/33 MP: 7/10
  2643 | D:5      | Reached skill level 3 in Axes
  2842 | D:4      | Noticed a black bear
  2849 | D:4      | Killed a black bear
  2955 | D:5      | Reached XP level 7. HP: 37/37 MP: 12/12
  3044 | D:5      | Found an iron altar of Okawaru.
  3117 | D:5      | Reached skill level 4 in Axes
  3349 | D:5      | Gained mutation: You have razor-sharp teeth. [Vine Stalker
                  | growth]
  3349 | D:5      | Reached XP level 8. HP: 42/42 MP: 13/15
  3434 | D:5      | Reached skill level 5 in Axes
  3519 | D:5      | Reached skill level 5 in Fighting
  3741 | D:6      | Noticed Blork the orc
  3751 | D:6      | Killed Blork the orc
  3874 | D:6      | Found a staircase to the Ecumenical Temple.
  3893 | D:6      | Reached skill level 6 in Axes
  3895 | D:6      | Reached skill level 5 in Spellcasting
  3900 | Temple   | Entered the Ecumenical Temple
  3900 | Temple   | Found a transporter.
  3900 | Temple   | Found a transporter.
  3921 | Temple   | Found a transporter.
  3921 | Temple   | Found a transporter.
  3988 | D:6      | Noticed a hornet
  3993 | D:6      | Killed a hornet
  3994 | D:6      | Reached XP level 9. HP: 48/48 MP: 17/17
  4189 | D:6      | Reached skill level 7 in Axes
  4190 | D:6      | Found a sparkling altar of Nemelex Xobeh.
  4715 | D:7      | Reached skill level 8 in Axes
  5082 | D:7      | Reached XP level 10. HP: 53/53 MP: 19/21
  5678 | D:8      | Reached skill level 9 in Axes
  5704 | D:8      | Learned a level 5 spell: Borgnjor's Vile Clutch
  5711 | D:8      | Learned a level 6 spell: Death Channel
  5906 | D:9      | Paralysed by a hornet for 2 turns
  5907 | D:9      | Slain by a hornet

Illustrated notes

Levels and vault maps discovered:
D:1:      roderic_octagonal_star, layout_rooms,
          shapermc_ecumenical_altar_ellora, minmay_rat_gold_closets
D:2:      kennysheep_the_goblin_king, layout_rooms, corexii_hall_statues_l
D:3:      layout_rooms, grunt_qazlal_clouds, minmay_starry_boxes
D:4:      layout_basic
D:5:      layout_cave_pools, amcnicky_altar_gilded
D:6:      layout_basic, nemelex_xobeh_ov_fountains_minmay,
          minmay_temple_entry_mist, uniq_blork_the_orc
D:7:      layout_loops_ring
D:8:      layout_basic, kennysheep_mini_moat, trog_wizard, old_standard_altar
D:9:      layout_rooms, marbit_many_paths, mainiacjoe_overflow_small_starburst,
          nicolae_diode_intersection
Temple:   hellmonk_temple_divided_pantheon

Skill      XL: |  1  2  3  4  5  6  7  8  9 10 |
---------------+-------------------------------+-----
Fighting       | 3 4 5 6 7 |  7.3
Stealth        | 3 |  3.3
Spellcasting   | 1 2 3 4 5 6 7 |  7.0
Axes           | 1 2 3 4 6 8 9 |  9.2
Short Blades   | |  2.6
Dodging        | |  2.8
Necromancy     | |  0.7
Earth Magic    | |  0.8

Action                     |  1- 3 |  4- 6 |  7- 9 | 10-12 || total
---------------------------+-------+-------+-------+-------++-------
  Melee: Short sword       |    18 |       |       |       ||    18
         Bite              |    26 |    11 |    32 |    11 ||    80
         Dagger            |    93 |       |       |       ||    93
         Punch             |     1 |     1 |     1 |     1 ||     4
         Broad axe         |     7 |    60 |   120 |    52 ||   239
  Throw: Dart              |       |     4 |     4 |       ||     8
    Use: Scroll            |       |     7 |    11 |     2 ||    20
   Stab: Sleeping          |     6 |     4 |       |       ||    10
         Distracted        |       |     1 |       |       ||     1
 Armour: Robe              |    19 |       |       |       ||    19
         Leather armour    |     7 |    15 |     2 |       ||    24
         Scale mail        |       |       |    59 |    35 ||    94
  Dodge: Dodged            |    72 |    49 |    78 |    26 ||   225

Table legend: (Time is in decaauts)
 A = Elapsed time spent in this place.
 B = Non-inter-level travel time spent in this place.
 C = Inter-level travel time spent in this place.
 D = Time resting spent in this place.
 E = Time spent auto-exploring this place.
 F = Levels seen in this place.
 G = Mean time per level.
                   A        B        C        D        E       F      G
               +--------+--------+--------+--------+--------+-----+--------+
         Total |   5975 |   5813 |    162 |    182 |   3966 |  10 |  597.5 |
       Dungeon |   5924 |   5762 |    162 |    182 |   3946 |   9 |  658.2 |
        Temple |     50 |     50 |      0 |      0 |     20 |   1 |   50.0 |
               +--------+--------+--------+--------+--------+-----+--------+

Top non-repeatable levels by time:
     D:6: 929 daAuts
     D:4: 868 daAuts
     D:1: 793 daAuts
     D:7: 773 daAuts
     D:5: 750 daAuts
     D:2: 713 daAuts
     D:3: 542 daAuts
     D:8: 529 daAuts
  Temple: 50 daAuts
     D:9: 24 daAuts
